[Event "41st Eastman Open Ghent"]
[Site "Ghent"]
[Date "2018.07.18"]
[Round "9"]
[White "Arman, Deniz"]
[Black "Hunhdorf, Arnold"]
[Result "1-0"]
[ECO "B27"]
[WhiteElo "2366"]
[BlackElo "2234"]
[Annotator "NA"]
[PlyCount "71"]
[EventDate "2018.07.15"]
[EventCountry "BEL"]
[SourceTitle "playchess.com"]
[Source "ChessBase"]
[SourceQuality "1"]
[TimeControl "5400+30"]

1. e4 c5 2. Nf3 g6 3. d4 cxd4 4. c3 d3 5. Bxd3 Bg7 {[%emt 0:00:10] B21: Sizilianisch (Morra-Gambit 2.d4 und 2.f4)} 6. c4 d6 7. h3 Nf6 8. Nc3 {[%emt 0:00:23] LiveBook: 8 Games} Nfd7 $146 ({Vorgänger:} 8... O-O 9. O-O b6 10. Bg5 Bb7 11. Qd2 Nbd7 12. Rfe1 Rc8 13. Bh6 {½-½ (30) Esserman,M (2468)-Gopal,G (2579) Caleta 2017}) 9. Be3 Bxc3+ 10. bxc3 Ne5 11. Nxe5 dxe5 12. c5 Qc7 13. Bc4 Nd7 14. Qf3 f6 15. Bh6 Qxc5 16. Bb3 e6 17. Bxe6 Qe7 18. Bd5 Nc5 19. O-O Be6 20. Rfd1 Kf7 21. Be3 Rac8 22. Bxe6+ Qxe6 {[%emt 0:00:51] [#]} 23. Rd5 $1 b6 24. Rad1 Rc7 25. Rd6 Qe7 $18 {[%emt 0:00:04] [#]} 26. Bg5 $1 Nxe4 27. Qxe4 fxg5 28. Qg4 h5 29. Qa4 Qe8 30. Rd7+ Rxd7 31. Rxd7+ Ke6 32. Qc6+ Kf5 33. Qf3+ Ke6 34. Qd5+ Kf6 35. g4 hxg4 36. hxg4 1-0

[Event "41st Eastman Open Ghent"]
[Site "Ghent"]
[Date "2018.07.18"]
[Round "9"]
[White "Quillan, Gary"]
[Black "van der Linden, Hans"]
[Result "1-0"]
[ECO "B30"]
[WhiteElo "2349"]
[BlackElo "2117"]
[Annotator "NA"]
[PlyCount "143"]
[EventDate "2018.07.15"]
[EventCountry "BEL"]
[SourceTitle "playchess.com"]
[Source "ChessBase"]
[SourceQuality "1"]
[TimeControl "5400+30"]

1. e4 c5 2. Nf3 Nc6 3. Bb5 Nf6 4. Nc3 e5 5. Bxc6 dxc6 6. Nxe5 {[%emt 0:00:29] B30: Sicilian: 2...Nc6 3 Bb5, lines without ...g6} Nxe4 7. Qh5 ({Better is} 7. Nxe4 $14 Qd5 8. O-O Qxe5 9. Re1) 7... Nd6 8. O-O Be7 9. Ne4 $146 ({Predecessor:} 9. Nf3 Nf5 {½-½ (9) Kalinitschew,S (2431)-Klundt,K (2377) Berlin 2011}) 9... O-O 10. Nxc5 g6 11. Qf3 Nf5 12. Nb3 Be6 13. d3 a5 14. c3 Nh4 15. Qe2 Bd5 16. f3 a4 17. Nd2 Bd6 18. Ng4 h5 19. Ne3 Re8 20. Ne4 Nf5 21. Qf2 Nxe3 22. Bxe3 Be7 23. Rae1 Bxa2 24. Bd4 Be6 25. Qg3 Ra5 26. Qf4 g5 27. Qe3 Rd5 28. Bb6 Qb8 29. c4 Rf5 30. Ng3 Rf4 31. Nxh5 Rh4 32. Ng3 Qf4 33. Re2 Bd6 34. Rfe1 Ra8 35. Qxf4 Bxf4 36. Ra1 Kg7 37. Be3 Rd8 38. Ra3 (38. Bxf4 $16 gxf4 39. Ne4) 38... b5 39. cxb5 cxb5 40. Bxf4 gxf4 41. Ne4 Rh5 42. Rc3 b4 43. Rc5 Rhd5 44. Rc1 Rxd3 45. Nc5 Rd1+ 46. Re1 Rxe1+ 47. Rxe1 Rd2 48. Nxa4 Bb3 49. Nc5 Rxb2 50. Nd3 Rd2 51. Nxb4 Rd4 52. Nc6 Rd6 53. Ne5 f6 54. Ng4 Rd2 55. h4 Kg6 56. Re8 Bc4 57. Rf8 Rd6 58. h5+ Kxh5 59. Nxf6+ Kg6 60. Ne4 Rd1+ 61. Kh2 Bf7 62. Rb8 Rd5 63. Rb6+ Kg7 64. Nf2 Rd2 {[%emt 0:00:53] [#]} 65. Nh3 $1 Bd5 $2 ({Lieber} 65... Rd4 $14) 66. Rd6 Rd1 67. Nxf4 Bxf3 68. Rg6+ Kf7 69. gxf3 Rd4 70. Rg4 $18 Rd1 71. Kg3 Kf6 72. Ng2 1-0

[Event "41st Eastman Open Ghent"]
[Site "Ghent"]
[Date "2018.07.18"]
[Round "9"]
[White "Lammens, Tim"]
[Black "Van Mechelen, Jan"]
[Result "1-0"]
[ECO "A04"]
[WhiteElo "2293"]
[BlackElo "2217"]
[Annotator "ChessBase"]
[PlyCount "73"]
[EventDate "2018.07.15"]
[EventCountry "BEL"]
[SourceTitle "playchess.com"]
[Source "ChessBase"]
[SourceQuality "1"]
[TimeControl "5400+30"]

1. Nf3 f5 2. d3 Nc6 3. e4 e5 4. d4 fxe4 5. Nxe5 Nf6 6. Bc4 d5 7. Bb5 Bd7 8. c4 a6 9. Ba4 b5 10. Nxd7 Qxd7 11. cxb5 Nb4 12. bxa6 Nd3+ 13. Qxd3 Qxa4 14. Qe2 Bb4+ 15. Bd2 Bxd2+ 16. Qxd2 Qxa6 17. Nc3 O-O 18. Qe2 Rfb8 19. Qxa6 Rxa6 20. O-O-O c6 21. Rhf1 Ra7 22. b3 Nh5 23. f3 e3 24. Rfe1 Re8 25. g3 Rf7 26. f4 Nf6 27. Rd3 Rfe7 28. Re2 Ng4 29. Nd1 Nxh2 30. Rdxe3 Rxe3 31. Rxe3 Ra8 32. a4 Kf7 33. Rc3 Ra6 34. Nf2 h5 35. Nd3 Nf1 36. Nb4 Rb6 37. Nxc6 1-0

[Event "41st Eastman Open Ghent"]
[Site "Ghent"]
[Date "2018.07.18"]
[Round "9"]
[White "Froeyman, Helmut"]
[Black "Dauw, Sterre"]
[Result "1/2-1/2"]
[ECO "B92"]
[WhiteElo "2290"]
[BlackElo "2192"]
[Annotator "NA"]
[PlyCount "117"]
[EventDate "2018.07.15"]
[EventCountry "BEL"]
[SourceTitle "playchess.com"]
[Source "ChessBase"]
[SourceQuality "1"]
[TimeControl "5400+30"]

1. e4 c5 2. Nf3 d6 3. d4 cxd4 4. Nxd4 Nf6 5. Nc3 a6 6. Be2 e5 7. Nb3 Be7 8. O-O O-O 9. Be3 Be6 10. Nd5 Bxd5 11. exd5 Nbd7 12. c4 Rc8 13. g3 $146 {[%emt 0:00:42] B92: Sicilian Najdorf: 6 Be2} ({Predecessor:} 13. Nd2 Ne8 14. b4 f5 15. f3 Bg5 16. Qb3 Qf6 17. Rfe1 Qh6 18. Bf1 Rf6 19. Rac1 Bxe3+ 20. Qxe3 Qh4 {1-0 (33) Voitsekhovsky,S (2503)-Sjugirov,S (2395) Voronezh 2007}) 13... Ne8 14. Qd2 b6 15. Rae1 a5 16. Na1 g6 17. b3 Ng7 18. Bg4 f5 19. Bd1 Ne8 20. f3 Ng7 21. Nc2 f4 22. gxf4 Nf5 23. Bf2 exf4 24. Qxf4 Bg5 25. Qg4 Ne5 26. Qe4 Bd2 27. Re2 Ng7 28. Be3 Bxe3+ 29. Qxe3 Nh5 30. Nd4 Nf4 31. Rd2 Qg5+ 32. Kh1 Rce8 33. Rg1 Qh4 34. Ne6 Nxe6 35. dxe6 Rxe6 36. Qxb6 Nxf3 37. Bxf3 Rxf3 38. Qc6 ({Lieber} 38. Qxa5 $11 Re5 39. Qa8+ Rf8 40. Qg2) 38... Qe4 39. Qxe4 Rxe4 40. Rg3 Rf1+ 41. Kg2 Rfe1 42. Rgd3 R1e2+ 43. Kf3 R4e3+ 44. Rxe3 Rxd2 45. Re2 Rxe2 46. Kxe2 Kf7 47. a3 Ke6 48. b4 $11 (48. Kd3 $18 Ke5 49. b4 axb4 50. axb4) 48... axb4 49. axb4 d5 50. cxd5+ Kxd5 51. Ke3 Kc4 52. Kf4 Kxb4 53. Kg5 Kc5 54. Kh6 Kd6 55. Kxh7 g5 56. Kg6 g4 57. Kg5 Ke7 58. Kxg4 Kf7 59. Kg5 1/2-1/2

[Event "41st Eastman Open Ghent"]
[Site "Ghent"]
[Date "2018.07.18"]
[Round "9"]
[White "Foisor, Sabina-Francesca"]
[Black "Zhurov, Sergey"]
[Result "1/2-1/2"]
[ECO "E63"]
[WhiteElo "2285"]
[BlackElo "2312"]
[Annotator "NA"]
[PlyCount "115"]
[EventDate "2018.07.15"]
[EventCountry "BEL"]
[SourceTitle "playchess.com"]
[Source "ChessBase"]
[SourceQuality "1"]
[TimeControl "5400+30"]

1. d4 Nf6 2. Nf3 g6 3. c4 Bg7 4. Nc3 O-O 5. g3 d6 6. Bg2 Nc6 7. O-O a6 8. Bf4 h6 {[%emt 0:01:02] E63: King's Indian: Fianchetto: Panno Variation with 7...a6} (8... Rb8 9. Rc1 h6 10. d5 e5 11. Bd2 Ne7 12. e4 Nd7 13. Ne1 f5 14. Nd3 Nf6 15. f4 Nxe4 16. Nxe4 fxe4 17. Bxe4 exf4 18. Nxf4 {½-½ (56) Tregubov,P (2575)-Amin,B (2689) Riadh 2017}) 9. d5 e5 10. dxc6 exf4 11. Nd4 b5 12. cxb5 fxg3 $146 ({Predecessor:} 12... axb5 13. Ndxb5 fxg3 14. hxg3 h5 15. Qd2 Re8 16. e4 h4 17. Qf4 hxg3 18. Qxg3 Ra6 19. f4 Nh5 20. Qf2 Rxc6 21. Na7 Rc4 22. Rad1 Bb7 23. Nab5 {½-½ (23) Tan,J (2451)-Hill,A (2237) Hastings 2016}) 13. hxg3 (13. fxg3 $5 axb5 14. Ndxb5 $11 (14. Ncxb5 Ng4 $11)) 13... axb5 14. Ncxb5 Ng4 15. a4 h5 16. Ra3 Re8 17. e4 Bh6 18. b4 Rb8 19. Rb3 Ra8 20. Ra3 Re5 21. f4 Re8 22. Bf3 Nf6 23. Re1 Rb8 24. Rb3 Ra8 25. Nc3 h4 26. e5 dxe5 27. Ndb5 Qe7 28. Rxe5 Be6 29. Nd5 Nxd5 30. Bxd5 hxg3 (30... Rad8 $1 $15 31. Rd3 hxg3 32. Bxe6 Qh4) 31. Rxg3 Qh4 32. Qe1 Kf8 33. Bxe6 Bxf4 34. Rh3 Qf6 35. Re4 Rxe6 36. Rxe6 fxe6 37. Qc3 Qg5+ {[%emt 0:02:48] [#]} 38. Kh1 $2 ({Only move:} 38. Kf2 $1 $18 Be5 39. Qe3 (39. Nxc7 $2 Kg8 $19) 39... Qxe3+ 40. Rxe3) 38... Be5 39. Qe3 Qg4 40. a5 {[%emt 0:04:17] [#]} Kg8 $1 41. Qf3 Qxb4 42. Qd3 Qg4 43. Na3 Bf6 44. Rg3 Qh4+ 45. Kg2 Rd8 46. Qxg6+ Kf8 47. Nc4 Ke7 48. Rh3 Qxc4 49. Rh7+ Kd6 50. Qxf6 Qxc6+ 51. Kf2 Qc5+ 52. Ke2 Qe5+ 53. Qxe5+ Kxe5 54. Rxc7 Rd5 55. a6 Ra5 56. a7 Ke4 57. Rc4+ Kd5 58. Rc7 $11 1/2-1/2

[Event "41st Eastman Open Ghent"]
[Site "Ghent"]
[Date "2018.07.18"]
[Round "9"]
[White "Middelhoven, Hein"]
[Black "Kett, Tim"]
[Result "0-1"]
[ECO "C44"]
[WhiteElo "2212"]
[BlackElo "2230"]
[Annotator "NA"]
[PlyCount "104"]
[EventDate "2018.07.15"]
[EventCountry "BEL"]
[SourceTitle "playchess.com"]
[Source "ChessBase"]
[SourceQuality "1"]
[TimeControl "5400+30"]

1. e4 e5 2. Nf3 Nc6 3. d4 exd4 4. Nxd4 Nf6 5. Nxc6 bxc6 6. Bd3 d5 7. Nc3 Bb4 8. exd5 cxd5 9. O-O O-O 10. h3 {[%emt 0:00:12] LiveBook: 601 Games} c6 11. Qf3 Bd6 12. Bg5 Rb8 13. Rab1 Re8 {[%emt 0:02:04] C47: Schottisches Vierspringerspiel} (13... h6 14. Bf4 Be6 15. Ne2 c5 16. c3 Re8 17. Rfd1 Rb6 18. Bc2 Bxf4 19. Nxf4 Qb8 20. b3 a5 21. Re1 {1-0 (33) Dubov,D (2694)-Matlakov,M (2709) Moscow 2018}) 14. Ne2 Be5 15. c3 Qd6 16. Ng3 h6 17. Be3 c5 18. Nf5 Bxf5 $146 ({Vorgänger:} 18... Qc7 19. Qd1 Bh2+ 20. Kh1 Bf4 21. Qf3 {0-1 (52) Socko,M (2490)-Zaiatz,E (2441) Rogaska Slatina 2011}) 19. Qxf5 Rb6 20. Rfd1 a5 21. a4 g6 22. Qf3 Kg7 23. Bb5 Rd8 24. Rd3 Rbb8 25. Rbd1 Qc7 26. Bc1 Rb6 27. Re1 Re6 28. Kf1 Ne4 ({Black should try} 28... c4 $17 29. Rdd1 Ne4 30. Rxd5 Rxd5 31. Rxe4 Qd6) 29. Qd1 Bf4 30. g3 Bxc1 31. Qxc1 Rf6 32. f4 c4 33. Rf3 Ng5 34. Rfe3 {[%emt 0:01:37] [#]} Qc8 $1 ({Less strong is} 34... Nxh3 35. Kg2 $15) 35. Kg1 Nxh3+ 36. Kg2 Qg4 37. Rf3 g5 38. Qe3 Nxf4+ 39. Kg1 Re6 40. Qd4+ Kg6 41. Rxe6+ fxe6 42. Kf2 Nh3+ 43. Kg2 Qxd4 44. cxd4 g4 45. Re3 Ng5 46. b3 cxb3 $19 47. Rxb3 Rc8 48. Bd3+ Kf6 49. Kf2 Rc1 50. Rb5 Rd1 51. Ke2 Rg1 52. Rxa5 Rg2+ 0-1

[Event "41st Eastman Open Ghent"]
[Site "Ghent"]
[Date "2018.07.18"]
[Round "9"]
[White "Maddens, Martijn"]
[Black "Bottema, Martin"]
[Result "1/2-1/2"]
[ECO "C00"]
[WhiteElo "2153"]
[BlackElo "2111"]
[Annotator "NA"]
[PlyCount "267"]
[EventDate "2018.07.15"]
[EventCountry "BEL"]
[SourceTitle "playchess.com"]
[Source "ChessBase"]
[SourceQuality "1"]
[TimeControl "5400+30"]

1. e4 e6 2. d4 d5 3. Bd3 c5 4. exd5 exd5 5. Nf3 Nf6 6. O-O c4 7. Re1+ Be7 8. Bf1 {[%emt 0:00:05] LiveBook: 53 Games} O-O {[%emt 0:00:33] C01: French: Exchange Variation} 9. b3 (9. Bg5) 9... cxb3 10. axb3 Nc6 11. Ne5 Nxe5 12. dxe5 Ne4 13. Nd2 $146 ({Predecessor:} 13. Ba3 Nxf2 14. Kxf2 {1-0 (48) Camacho Collados,J (2379)-Garcia Roman,D (2423) Linares 2016}) 13... Bf5 14. Qf3 Qd7 15. Nxe4 Bxe4 16. Rxe4 dxe4 17. Qxe4 Qc6 18. Bd3 Qxe4 19. Bxe4 Bc5 20. Bxb7 Rad8 21. Bf4 Bd4 22. Re1 Bc3 23. Rf1 Rfe8 24. Bg5 Rb8 25. Bc6 Re6 ({Ein No Go ist} 25... Rxe5 $6 26. Bf4 $16) 26. Bd5 Ra6 27. f4 h6 28. Be7 Re8 29. Bd6 Rd8 30. Rf3 Bd4+ 31. Kf1 Raxd6 32. exd6 Rxd6 33. c4 Bc5 34. Ke2 Ra6 35. Rd3 Ra2+ 36. Kf3 Rb2 37. Bc6 f5 38. Ba4 g6 39. Rd5 Bb4 40. Rd8+ Kf7 41. Rd7+ Kf6 42. Rxa7 Rc2 43. Ra6+ Kg7 44. h3 g5 45. fxg5 hxg5 46. Re6 Bc5 47. Rc6 Rf2+ 48. Kg3 Be3 49. Rc7+ Kf6 50. Bc6 Rb2 51. Rb7 Bc5 52. Rb5 Bd6+ 53. Kf3 Rc2 54. Bd5 Bf4 55. c5 Ke5 56. Bc4 g4+ 57. hxg4 fxg4+ 58. Kxg4 Rxg2+ 59. Kf3 Rg3+ 60. Kf2 Rh3 61. Rb7 Rh2+ 62. Kf3 Rh3+ 63. Ke2 Kd4 64. c6 Rh6 65. Bb5 Kc5 66. Ba4 Rh8 67. b4+ Kc4 68. b5 Kb4 69. Bc2 Kc5 70. Be4 Rh6 71. Bd3 Rh8 {[%emt 0:01:08] [#]} 72. Kf3 $2 (72. c7 $1 $18) 72... Bd6 73. Ke4 Rh4+ 74. Kf5 Rh8 75. Kg6 Rg8+ 76. Kf7 Rb8 77. Rd7 Rc8 78. Bf5 Rc7 79. Ke6 Bg3 80. Rd3 Kxb5 81. Rxg3 Rxc6+ 82. Ke5 Rc5+ 83. Kf6 Kc4 84. Be6+ Kd4 85. Rg4+ Ke3 86. Bf5 Rc6+ 87. Kg5 Rc5 88. Rb4 Ra5 89. Re4+ Kf3 90. Rh4 Ke3 91. Re4+ Kf3 92. Rd4 Ra3 93. Rh4 Ra5 94. Rh3+ Kg2 95. Re3 Kf2 96. Rc3 Ra4 97. Be6 Ke2 98. Kf5 Kd2 99. Rh3 Ra6 100. Bd5 Rd6 101. Ke5 Rd8 102. Kd4 Rd7 103. Rh2+ Ke1 104. Ke3 Kd1 105. Be4 Kc1 106. Rc2+ Kd1 107. Rc5 Re7 108. Rb5 Rc7 109. Rb1+ Rc1 110. Rb3 Rc7 111. Rb1+ Rc1 112. Rb2 Rc7 113. Bd3 Re7+ 114. Kd4 Rd7+ 115. Kc3 Rc7+ 116. Bc4 Ke1 117. Re2+ Kd1 118. Rf2 Re7 119. Rf1+ Re1 120. Rf7 Re8 121. Bb5 Rc8+ 122. Kd3 Rd8+ 123. Ke3 Kc2 124. Rc7+ Kb3 125. Bd3 Kb4 $11 126. Kd2 Rd6 127. Rc1 Rd8 128. Rc4+ Kb3 129. Rc1 Kb4 130. Rc4+ Kb3 131. Rc5 Rd4 132. Rb5+ Rb4 133. Bc2+ Kc4 134. Bd3+ 1/2-1/2

[Event "41st Eastman Open Ghent"]
[Site "Ghent"]
[Date "2018.07.18"]
[Round "9"]
[White "James, David J"]
[Black "Slijper, Thomas"]
[Result "0-1"]
[ECO "A43"]
[WhiteElo "2122"]
[BlackElo "1919"]
[Annotator "NA"]
[PlyCount "44"]
[EventDate "2018.07.15"]
[EventCountry "BEL"]
[SourceTitle "playchess.com"]
[Source "ChessBase"]
[SourceQuality "1"]
[TimeControl "5400+30"]

1. d4 Nf6 2. Nf3 c5 3. d5 b5 4. Bg5 Qb6 5. Nbd2 (5. e3 $14) 5... g6 6. e4 Bg7 7. a4 b4 8. d6 e6 9. e5 Ng4 10. h3 f6 11. hxg4 fxg5 12. Nxg5 Bb7 13. Rxh7 Rxh7 14. Nxh7 Bd5 15. f4 $2 (15. Nc4 $18 Bxc4 16. Bxc4) 15... c4 16. Qe2 Qd4 17. Nxc4 Qxf4 18. Nf6+ Bxf6 19. exf6 Bxc4 20. Qxc4 Qg3+ {[%emt 0:00:11] [#]} 21. Kd1 $14 (21. Kd2 $1 $16 Nc6 22. Re1 Qf2+ 23. Kd1 Qxf6 24. Bd3) 21... Nc6 22. Kc1 Qe1# 0-1

[Event "41st Eastman Open Ghent"]
[Site "Ghent"]
[Date "2018.07.18"]
[Round "9"]
[White "Mitran, Anthony"]
[Black "Hamblok, Roel"]
[Result "0-1"]
[ECO "A06"]
[WhiteElo "2096"]
[BlackElo "2286"]
[Annotator "NA"]
[PlyCount "60"]
[EventDate "2018.07.15"]
[EventCountry "BEL"]
[SourceTitle "playchess.com"]
[Source "ChessBase"]
[SourceQuality "1"]
[TimeControl "5400+30"]

1. Nf3 d5 2. e3 Nf6 3. c4 e6 4. b3 Nbd7 5. Bb2 b6 {[%emt 0:00:26] A13: Reti-Eröffnung} 6. Nc3 Bb7 7. d4 a6 (7... Bd6 8. Bd3 O-O 9. O-O a6 10. Rc1 Qe7 11. cxd5 exd5 12. Ne2 Ne4 13. Qc2 Rac8 14. Ng3 g6 15. Qe2 h5 16. Ne5 Nxe5 17. dxe5 Bxe5 18. Bxe5 Qxe5 19. Nxe4 dxe4 20. Bxa6 Bxa6 21. Qxa6 {½-½ (57) Harikrishna,P (2732)-Navara,D (2727) Prague 2018}) 8. Be2 Bd6 9. O-O O-O 10. cxd5 exd5 11. Bd3 Ne4 12. Ne2 $146 Qe7 13. Rc1 f5 14. Qc2 Rac8 15. Ng3 g5 16. Rfe1 g4 17. Nd2 h5 18. Ndxe4 $2 (18. Qd1 $17) 18... fxe4 19. Bf1 Qg5 20. Be2 Rf7 21. Bd1 Rcf8 22. Nf1 Qh4 23. Ng3 Rxf2 24. Qxf2 $19 Rxf2 25. Kxf2 Qxh2 26. Ne2 Qh4+ 27. Kf1 Qh1+ 28. Ng1 Bh2 29. Kf2 g3+ 30. Ke2 Qxg2# 0-1